cohdb
Replays
Latest Replays
All Replays
Popular Replays
Top Player Replays
Match Explorer
How It Works
Community
CoH3 Stats
Reddit
Sign in to upload your games and track your stats! →
Sign in with Steam
Match 45604774
Unlisted
Match 45604774
Overview
Messages
Build Orders
End
Royal Engineer Section
Selects Canadian Shock Battlegroup
Construct Section Command Post
Infantry Section
Infantry Section
Construct Field Infirmary
Selects Attacking Spirit
Selects Canadian Shock Section
Vickers Machine Gun Team
Construct Platoon Command Post
Selects Incendiary Munitions
6-pounder Anti-tank Gun Team
Infantry Training
Infantry Section
Selects Pyrotechnics
Humber Armored Car
Construct Company Command Post
Canadian Shock Section
Matilda II Heavy Tank
Armored Vehicle Training
AI Takeover
Eurelia
Grand.G
0
0
Comments
sign in to comment!
No comments posted yet!